[ PARTIDA AOE2 · #507297130 ]
UnrankedBengalíes vs Portuguese
Equipo del jugador · DERR
[ ANÁLISIS DE REPETICIÓN · EXTRAÍDO DE LA PARTIDA GRABADA ]
Feudal
9:15
Castillos
26:13
Imperial
39:43
| APM promedio | 69.4 |
| APM pico | 109 |
| eAPM promedio | 40.5 |
| Aldeanos / militares | 280 / 253 |
Foco
⚔️ 56.1% · 🌾 43.9%
Scout Cavalry ×82 · Elephant Archer ×74 · Skirmisher ×56 · Monk ×24 · Trebuchet (Packed) ×8 · Mangonel ×4
Feudal
8:46
Castillos
24:51
Imperial
41:40
| APM promedio | 82.5 |
| APM pico | 122 |
| eAPM promedio | 45.6 |
| Aldeanos / militares | 191 / 395 |
Foco
⚔️ 50.0% · 🌾 50.0%
Scout Cavalry ×140 · Skirmisher ×127 · Knight ×91 · Bombard Cannon ×9 · Mangonel ×7 · Scorpion ×7
Mapa de la partida
Recursos iniciales + cada clic de construcción. Líneas = muros · curvas = relieve. ◆ oro · ⬟ piedra · ● bayas · ✦ reliquia · ◌ hueco del cierre
Tu base· ✓ Cerrada en 26:13 · 41t muro · sin puerta
Base de SalzZ_classicpro· Abierta — flanco sin cerrar
Terreno inicial suavizado · ◌ = hueco del cierre detectado · pasá el cursor para detalles
Inputs por minuto
— CNZS_Daniel - - SalzZ_classicpro
Build order — CNZS_Daniel
Primeras 150 de 806 acciones detectadas
| 0:00 | Encolar | Villager (Male) |
| 0:00 | Encolar | Villager (Male) |
| 0:02 | Construir | House |
| 0:02 | Construir | House |
| 0:07 | Encolar | Villager (Male) |
| 0:07 | Encolar | Villager (Male) |
| 1:24 | Encolar | Villager (Male) |
| 1:58 | Encolar | Villager (Male) |
| 1:59 | Encolar | Villager (Male) |
| 2:16 | Encolar | Villager (Male) |
| 2:22 | Construir | Lumber Camp |
| 2:45 | Encolar | Villager (Male) |
| 3:04 | Encolar | Villager (Male) |
| 3:33 | Encolar | Villager (Male) |
| 3:33 | Encolar | Villager (Male) |
| 3:52 | Construir | House |
| 4:02 | Encolar | Villager (Male) |
| 4:03 | Encolar | Villager (Male) |
| 4:26 | Encolar | Villager (Male) |
| 4:26 | Encolar | Villager (Male) |
| 4:53 | Encolar | Villager (Male) |
| 5:02 | Construir | Mill |
| 5:23 | Encolar | Villager (Male) |
| 5:27 | Investigar | Loom |
| 5:33 | Construir | House |
| 6:04 | Construir | Palisade Wall |
| 6:12 | Construir | Palisade Wall |
| 6:15 | Construir | Palisade Wall |
| 6:36 | Construir | Palisade Wall |
| 7:03 | Investigar | Feudal Age |
| 7:20 | Encolar | Villager (Male) |
| 7:35 | Construir | House |
| 8:14 | Construir | Palisade Wall |
| 8:16 | Construir | Palisade Wall |
| 8:20 | Construir | Palisade Wall |
| 8:22 | Encolar | Villager (Male) |
| 8:43 | Construir | Barracks |
| 8:49 | Encolar | Villager (Male) |
| 9:06 | Encolar | Villager (Male) |
| 9:15 | Edad | Edad Feudal |
| 9:16 | Encolar | Villager (Male) |
| 9:27 | Investigar | Double-Bit Axe |
| 9:27 | Investigar | Double-Bit Axe |
| 9:31 | Encolar | Villager (Male) |
| 9:52 | Construir | Archery Range |
| 10:09 | Investigar | Horse Collar |
| 10:09 | Investigar | Horse Collar |
| 10:09 | Encolar | Villager (Male) |
| 10:33 | Construir | Farm |
| 10:43 | Construir | House |
| 10:45 | Encolar | Skirmisher |
| 10:49 | Encolar | Villager (Male) |
| 10:49 | Encolar | Villager (Male) |
| 10:50 | Encolar | Skirmisher |
| 11:01 | Encolar | Villager (Male) |
| 11:01 | Encolar | Villager (Male) |
| 11:12 | Encolar | Villager (Male) |
| 11:13 | Encolar | Skirmisher |
| 11:13 | Encolar | Skirmisher |
| 11:22 | Construir | Watch Tower |
| 11:26 | Encolar | Villager (Male) |
| 11:27 | Construir | Farm |
| 11:39 | Construir | House |
| 11:41 | Encolar | Skirmisher |
| 11:42 | Encolar | Skirmisher |
| 11:47 | Construir | Farm |
| 12:11 | Construir | Farm |
| 12:14 | Encolar | Skirmisher |
| 12:21 | Construir | House |
| 12:39 | Encolar | Skirmisher |
| 12:42 | Construir | Farm |
| 12:55 | Encolar | Skirmisher |
| 13:10 | Construir | Mining Camp |
| 13:49 | Encolar | Villager (Male) |
| 14:08 | Construir | Lumber Camp |
| 14:27 | Encolar | Skirmisher |
| 14:41 | Encolar | Villager (Male) |
| 14:41 | Encolar | Villager (Male) |
| 14:53 | Encolar | Villager (Male) |
| 14:53 | Encolar | Villager (Male) |
| 14:54 | Encolar | Villager (Male) |
| 15:01 | Construir | Farm |
| 15:07 | Encolar | Skirmisher |
| 15:07 | Encolar | Skirmisher |
| 15:35 | Encolar | Skirmisher |
| 15:53 | Encolar | Villager (Male) |
| 15:57 | Encolar | Skirmisher |
| 16:05 | Construir | House |
| 16:07 | Construir | House |
| 16:10 | Construir | Stone Wall |
| 16:16 | Construir | Stone Wall |
| 16:21 | Construir | Stone Wall |
| 16:27 | Encolar | Villager (Male) |
| 16:27 | Encolar | Skirmisher |
| 16:30 | Construir | Archery Range |
| 16:39 | Encolar | Villager (Male) |
| 16:39 | Encolar | Villager (Male) |
| 16:47 | Construir | Stone Wall |
| 17:00 | Encolar | Villager (Male) |
| 17:03 | Construir | Watch Tower |
| 17:04 | Encolar | Skirmisher |
| 17:14 | Encolar | Villager (Male) |
| 17:14 | Encolar | Villager (Male) |
| 17:23 | Construir | Stone Wall |
| 17:24 | Construir | Stone Wall |
| 17:32 | Encolar | Skirmisher |
| 17:33 | Encolar | Villager (Male) |
| 17:35 | Construir | Blacksmith |
| 17:38 | Construir | Farm |
| 17:48 | Encolar | Skirmisher |
| 17:48 | Encolar | Skirmisher |
| 17:50 | Encolar | Villager (Male) |
| 18:00 | Encolar | Skirmisher |
| 18:00 | Encolar | Skirmisher |
| 18:06 | Construir | Farm |
| 18:23 | Construir | Farm |
| 18:25 | Investigar | Fletching |
| 18:25 | Investigar | Fletching |
| 18:26 | Encolar | Villager (Male) |
| 18:26 | Encolar | Villager (Male) |
| 18:32 | Encolar | Skirmisher |
| 18:33 | Encolar | Skirmisher |
| 18:46 | Encolar | Villager (Male) |
| 18:46 | Encolar | Villager (Male) |
| 18:47 | Construir | Farm |
| 18:59 | Encolar | Villager (Male) |
| 19:00 | Encolar | Skirmisher |
| 19:00 | Encolar | Skirmisher |
| 19:05 | Construir | House |
| 19:12 | Construir | House |
| 19:25 | Encolar | Villager (Male) |
| 19:29 | Encolar | Skirmisher |
| 19:29 | Encolar | Skirmisher |
| 19:47 | Encolar | Villager (Male) |
| 19:49 | Construir | Farm |
| 19:52 | Encolar | Villager (Male) |
| 19:52 | Encolar | Villager (Male) |
| 19:53 | Construir | Farm |
| 20:27 | Encolar | Skirmisher |
| 20:28 | Encolar | Villager (Male) |
| 20:29 | Encolar | Skirmisher |
| 20:30 | Encolar | Skirmisher |
| 20:35 | Construir | Mill |
| 20:36 | Construir | Farm |
| 20:36 | Construir | Farm |
| 20:36 | Construir | Farm |
| 20:39 | Encolar | Villager (Male) |
| 20:41 | Construir | Farm |
| 20:42 | Construir | Farm |
| 20:43 | Construir | Farm |
Build order — SalzZ_classicpro
Primeras 150 de 893 acciones detectadas
| 0:00 | Encolar | Villager (Male) |
| 0:00 | Encolar | Villager (Male) |
| 0:01 | Construir | House |
| 0:02 | Construir | House |
| 0:07 | Encolar | Villager (Male) |
| 0:16 | Encolar | Villager (Male) |
| 1:22 | Encolar | Villager (Male) |
| 1:22 | Encolar | Villager (Male) |
| 1:50 | Construir | Lumber Camp |
| 1:57 | Encolar | Villager (Male) |
| 1:57 | Encolar | Villager (Male) |
| 2:16 | Encolar | Villager (Male) |
| 2:48 | Encolar | Villager (Male) |
| 2:48 | Encolar | Villager (Male) |
| 3:00 | Encolar | Villager (Male) |
| 3:01 | Encolar | Villager (Male) |
| 3:24 | Construir | House |
| 3:38 | Encolar | Villager (Male) |
| 3:58 | Encolar | Villager (Male) |
| 3:59 | Encolar | Villager (Male) |
| 4:19 | Encolar | Villager (Male) |
| 4:42 | Construir | Mill |
| 4:49 | Encolar | Villager (Male) |
| 4:50 | Encolar | Villager (Male) |
| 5:05 | Encolar | Villager (Male) |
| 5:29 | Encolar | Villager (Male) |
| 5:47 | Investigar | Loom |
| 6:36 | Investigar | Feudal Age |
| 7:04 | Construir | Barracks |
| 7:08 | Construir | House |
| 7:10 | Construir | Palisade Wall |
| 8:08 | Encolar | Villager (Male) |
| 8:46 | Edad | Edad Feudal |
| 8:47 | Construir | Archery Range |
| 8:50 | Encolar | Spearman |
| 8:52 | Investigar | Double-Bit Axe |
| 8:52 | Investigar | Double-Bit Axe |
| 8:57 | Encolar | Villager (Male) |
| 9:01 | Investigar | Horse Collar |
| 9:13 | Encolar | Villager (Male) |
| 9:23 | Encolar | Villager (Male) |
| 9:30 | Encolar | Skirmisher |
| 9:30 | Encolar | Skirmisher |
| 9:37 | Construir | House |
| 9:58 | Encolar | Skirmisher |
| 10:03 | Encolar | Villager (Male) |
| 10:09 | Construir | Mining Camp |
| 10:21 | Construir | Watch Tower |
| 10:23 | Encolar | Skirmisher |
| 10:37 | Construir | House |
| 10:39 | Encolar | Villager (Male) |
| 10:49 | Encolar | Skirmisher |
| 11:03 | Encolar | Villager (Male) |
| 11:12 | Encolar | Skirmisher |
| 11:14 | Encolar | Villager (Male) |
| 11:37 | Encolar | Villager (Male) |
| 11:40 | Construir | Farm |
| 11:41 | Construir | Farm |
| 11:52 | Construir | House |
| 12:05 | Construir | House |
| 12:05 | Encolar | Villager (Male) |
| 12:11 | Encolar | Spearman |
| 12:24 | Construir | Farm |
| 12:25 | Construir | Farm |
| 12:53 | Construir | Watch Tower |
| 12:55 | Encolar | Villager (Male) |
| 13:10 | Construir | Watch Tower |
| 13:13 | Construir | House |
| 13:15 | Construir | Palisade Wall |
| 13:18 | Construir | Palisade Wall |
| 13:20 | Encolar | Villager (Male) |
| 13:23 | Encolar | Skirmisher |
| 13:31 | Encolar | Skirmisher |
| 13:38 | Construir | Blacksmith |
| 13:43 | Construir | House |
| 13:54 | Construir | Farm |
| 13:55 | Construir | Farm |
| 13:56 | Encolar | Villager (Male) |
| 13:56 | Encolar | Villager (Male) |
| 14:12 | Encolar | Villager (Male) |
| 14:20 | Construir | House |
| 14:23 | Encolar | Spearman |
| 14:35 | Construir | Palisade Wall |
| 14:38 | Construir | Farm |
| 14:40 | Construir | Farm |
| 14:41 | Construir | Farm |
| 14:44 | Encolar | Skirmisher |
| 14:53 | Encolar | Villager (Male) |
| 14:53 | Encolar | Villager (Male) |
| 14:59 | Encolar | Skirmisher |
| 15:09 | Encolar | Villager (Male) |
| 15:20 | Encolar | Skirmisher |
| 15:28 | Construir | House |
| 15:33 | Encolar | Villager (Male) |
| 15:39 | Construir | Archery Range |
| 15:50 | Encolar | Villager (Male) |
| 16:04 | Encolar | Villager (Male) |
| 16:06 | Encolar | Villager (Male) |
| 16:11 | Investigar | Fletching |
| 16:11 | Investigar | Fletching |
| 16:12 | Encolar | Skirmisher |
| 16:12 | Encolar | Skirmisher |
| 16:23 | Construir | Farm |
| 16:24 | Construir | Farm |
| 16:27 | Encolar | Skirmisher |
| 16:33 | Encolar | Villager (Male) |
| 16:39 | Encolar | Skirmisher |
| 16:43 | Encolar | Skirmisher |
| 16:43 | Encolar | Skirmisher |
| 16:58 | Encolar | Villager (Male) |
| 17:02 | Construir | Farm |
| 17:06 | Encolar | Villager (Male) |
| 17:10 | Construir | Watch Tower |
| 17:20 | Construir | Farm |
| 17:21 | Construir | Farm |
| 17:30 | Encolar | Villager (Male) |
| 17:37 | Construir | Farm |
| 17:41 | Construir | House |
| 17:46 | Encolar | Villager (Male) |
| 17:52 | Construir | Farm |
| 18:10 | Encolar | Skirmisher |
| 18:10 | Encolar | Skirmisher |
| 18:25 | Construir | Lumber Camp |
| 18:29 | Encolar | Skirmisher |
| 18:29 | Encolar | Skirmisher |
| 18:30 | Encolar | Villager (Male) |
| 18:30 | Encolar | Villager (Male) |
| 18:43 | Encolar | Villager (Male) |
| 18:47 | Encolar | Skirmisher |
| 18:47 | Encolar | Skirmisher |
| 18:58 | Construir | Farm |
| 18:58 | Construir | Farm |
| 19:12 | Encolar | Villager (Male) |
| 19:24 | Encolar | Skirmisher |
| 19:24 | Encolar | Skirmisher |
| 19:25 | Encolar | Villager (Male) |
| 19:28 | Encolar | Villager (Male) |
| 19:36 | Construir | Farm |
| 19:38 | Construir | Farm |
| 19:41 | Construir | Farm |
| 19:42 | Construir | Farm |
| 19:48 | Encolar | Skirmisher |
| 19:48 | Encolar | Skirmisher |
| 19:51 | Construir | House |
| 20:13 | Encolar | Villager (Male) |
| 20:19 | Encolar | Skirmisher |
| 20:19 | Encolar | Skirmisher |
| 20:28 | Encolar | Villager (Male) |
| 20:33 | Construir | Market |
| 20:39 | Construir | Mining Camp |
Cronología de la partida
| 6:04 | CNZS_Daniel · wall_segment Palisade Wall x3 |
| 6:12 | CNZS_Daniel · wall_segment Palisade Wall x3 |
| 6:15 | CNZS_Daniel · wall_segment Palisade Wall x6 |
| 6:36 | CNZS_Daniel · wall_segment Palisade Wall x8 |
| 7:04 | SalzZ_classicpro · first_building Barracks |
| 7:10 | SalzZ_classicpro · wall_segment Palisade Wall x2 |
| 8:14 | CNZS_Daniel · wall_segment Palisade Wall x4 |
| 8:16 | CNZS_Daniel · wall_segment Palisade Wall x2 |
| 8:20 | CNZS_Daniel · wall_segment Palisade Wall x4 |
| 8:43 | CNZS_Daniel · first_building Barracks |
| 8:46 | SalzZ_classicpro · age_up feudal |
| 8:47 | SalzZ_classicpro · first_building Archery Range |
| 9:15 | CNZS_Daniel · age_up feudal |
| 9:52 | CNZS_Daniel · first_building Archery Range |
| 13:15 | SalzZ_classicpro · wall_segment Palisade Wall x1 |
| 13:18 | SalzZ_classicpro · wall_segment Palisade Wall x1 |
| 14:35 | SalzZ_classicpro · wall_segment Palisade Wall x1 |
| 16:10 | CNZS_Daniel · wall_segment Stone Wall x1 |
| 16:16 | CNZS_Daniel · wall_segment Stone Wall x1 |
| 16:21 | CNZS_Daniel · wall_segment Stone Wall x1 |
| 16:47 | CNZS_Daniel · wall_segment Stone Wall x1 |
| 17:23 | CNZS_Daniel · wall_segment Stone Wall x1 |
| 17:24 | CNZS_Daniel · wall_segment Stone Wall x1 |
| 22:04 | SalzZ_classicpro · first_market_sell 100 wood |
| 22:18 | SalzZ_classicpro · first_building Stable |
| 22:23 | CNZS_Daniel · first_market_sell 500 stone |
| 22:24 | CNZS_Daniel · first_market_buy 100 food |
| 24:43 | CNZS_Daniel · wall_segment Palisade Wall x3 |
| 24:51 | SalzZ_classicpro · age_up castle |
| 25:06 | SalzZ_classicpro · first_building Monastery |
| 25:21 | CNZS_Daniel · wall_segment Palisade Wall x1 |
| 25:38 | CNZS_Daniel · wall_segment Palisade Wall x1 |
| 26:13 | CNZS_Daniel · age_up castle |
| 26:35 | CNZS_Daniel · first_building Monastery |
| 26:51 | CNZS_Daniel · wall_segment Stone Wall x1 |
| 27:02 | SalzZ_classicpro · first_market_buy 100 stone |
| 28:04 | CNZS_Daniel · wall_segment Stone Wall x1 |
| 28:06 | CNZS_Daniel · wall_segment Stone Wall x1 |
| 29:14 | CNZS_Daniel · wall_segment Palisade Wall x1 |
| 29:31 | SalzZ_classicpro · first_building Siege Workshop |
| 32:55 | CNZS_Daniel · first_building Stable |
| 34:14 | CNZS_Daniel · first_building Siege Workshop |
| 34:30 | SalzZ_classicpro · wall_segment Stone Wall x1 |
| 35:22 | CNZS_Daniel · first_building Castle |
| 36:21 | CNZS_Daniel · wall_segment Palisade Wall x1 |
| 36:22 | CNZS_Daniel · wall_segment Palisade Wall x1 |
| 36:27 | CNZS_Daniel · wall_segment Palisade Wall x1 |
| 37:36 | SalzZ_classicpro · first_building Castle |
| 37:56 | CNZS_Daniel · wall_segment Palisade Wall x1 |
| 38:13 | CNZS_Daniel · wall_segment Palisade Wall x1 |
| 38:13 | CNZS_Daniel · wall_segment Palisade Wall x1 |
| 38:15 | CNZS_Daniel · wall_segment Palisade Wall x1 |
| 38:58 | SalzZ_classicpro · wall_segment Stone Wall x1 |
| 39:43 | CNZS_Daniel · age_up imperial |
| 41:40 | SalzZ_classicpro · age_up imperial |
| 57:14 | CNZS_Daniel · wall_segment Palisade Wall x1 |
| 57:48 | CNZS_Daniel · resign |
[ ANÁLISIS IA · 1 CRÉDITO ]
¿Qué pasó realmente en esta partida?
Wolo.gg analiza cada decisión: build order, eco, micro, errores típicos por bracket. Análisis personalizado por WhatsApp o Discord en 30 segundos.
Guía civ
Bengalíes
Perfil
Jugador #265517